Map: New Repugnancy LE

Players

Mez

  • Race: Terran Terran
  • League: Master
  • Spawn Location: 7:00

blackout - Winner!

  • Race: Terran Terran
  • League: Master
  • Spawn Location: 1:00

VOD

Have the link to the VOD?

Description

Time

  • Played on: Aug. 6, 2019, 11:10 a.m.
  • Length: 5:54
Show
View Real Time Build Order
Export as new Build Order

Mez Terran 

Build Orders: Gas First Reaper Expand 

Get SALT Encoding   

  12  0:00  SCV  
  13  0:12  SCV  
  14  0:17  Supply Depot  
  14  0:25  SCV  
  15  0:33  Refinery  
  15  0:39  SCV  
  16  0:45  Barracks  
  16  0:51  SCV  
  17  1:03  SCV  
  18  1:15  SCV  
  19  1:32  Orbital Command  
  19  1:33  Reaper  
  20  1:45  Command Center  
  20  1:56  Factory  
  20  2:00  SCV  
  21  2:11  Barracks Reactor  
  21  2:12  SCV  
  22  2:16  Supply Depot  
  22  2:24  SCV  
  22  2:26  Refinery  
  22  2:47  Hellion, Marine x2  
  24  2:58  Starport  
  23  3:07  Marine x2  
  24  3:15  SCV  
  24  3:17  Orbital Command  
  25  3:26  Hellion, Marine x2  
  29  3:27  SCV  
  30  3:39  SCV  
  27  3:51  SCV  
  27  3:54  Marine x2, Starport Tech Lab  
  27  3:55  Factory Tech Lab  
  27  3:58  Hellion  
  27  4:01  SCV  
  28  4:03  SCV  
  27  4:13  Supply Depot  
  27  4:14  SCV  
  27  4:15  Viking  
  28  4:17  Marine x2  
  28  4:21  Factory Tech Lab  
  27  4:37  Marine x2  
  26  4:42  Cyclone  
  26  4:45  SCV  
  26  4:54  Marine x2  
  25  5:02  SCV x2  
  20  5:14  SCV  
  20  5:16  SCV  
  21  5:26  SCV  
  22  5:29  SCV  
  22  5:30  Marine  
  22  5:31  Marine  
  25  5:38  SCV  
  25  5:41  SCV  
Show
View Real Time Build Order
Export as new Build Order

blackout Terran - Winner!

Build Orders: 1/1/1, Hellion Banshee 

Get SALT Encoding   

  12  0:01  SCV  
  13  0:13  SCV  
  14  0:18  Supply Depot  
  14  0:25  SCV  
  14  0:28  Refinery  
  15  0:39  SCV  
  16  0:45  Barracks  
  16  0:51  SCV  
  17  0:57  Refinery  
  17  1:03  SCV  
  18  1:16  SCV  
  19  1:33  Orbital Command  
  19  1:34  Factory  
  19  1:36  Reaper  
  20  1:46  Supply Depot  
  20  2:01  SCV  
  21  2:08  Reaper  
  21  2:13  SCV  
  23  2:19  Hellion  
  23  2:20  Starport  
  25  2:25  SCV  
  26  2:31  Supply Depot  
  26  2:37  SCV  
  26  2:41  Reaper, Hellion  
  29  2:49  SCV  
  29  3:05  SCV  
  30  3:06  Hellion  
  30  3:11  Starport Tech Lab  
  32  3:13  Reaper  
  32  3:15  Supply Depot  
  32  3:17  SCV  
  34  3:27  Hellion  
  34  3:30  Cloaking Field  
  36  3:35  Banshee  
  36  3:39  Supply Depot  
  34  4:06  Reaper, Hellion  
  35  4:10  SCV  
  35  4:18  Banshee  
  36  4:42  Hellion, Reaper  
  36  4:43  SCV  
  40  4:48  Command Center  
  38  5:11  Raven, SCV  
  37  5:23  Barracks Reactor, Factory Tech Lab  
  37  5:27  SCV  
  36  5:30  Barracks x2  
  36  5:32  Command Center  
  36  5:39  SCV  
Tags
 
Add a new tag
Caveats
  • Supply blocks, unpowered buildings, or Contaminate may cause inaccurate times.
  • Supply counts are checked every 10 seconds.